 Dungeon Crawl Stone Soup version 0.30-a0-824-g6c64550be9 (webtiles) character file.

Game seed: 3877825689268601573

403020 ragingrage the Cloud Mage (level 23, -24/136 HPs)
             Began as a Tengu Air Elementalist on Feb 27, 2023.
             Was the Champion of Vehumet.
             Killed from afar by an ancient lich (69 damage)
             ... with a crystal spear
             ... on level 4 of the Vaults.
             The game lasted 01:46:12 (56871 turns).

ragingrage the Cloud Mage (Tengu Air Elementalist) Turns: 56871, Time: 01:46:13

Health: -24/136    AC: 14    Str: 14    XL:     23   Next: 0%
Magic:  30/45      EV: 20    Int: 30    God:    Vehumet [******]
Gold:   4652       SH: 14    Dex: 14    Spells: 3/56 levels left

rFire   + + .      SeeInvis +    a - staff of air
rCold   + + +      Faith    .    W - +2 shield of Resistance {rF++ rC++ Will++}
rNeg    . . .      Spirit   .    T - +4 troll leather armour
rPois   +          Reflect  .    V - +1 hat
rElec   +          Harm     .    m - +2 cloak {rPois}
rCorr   .          Rampage  .    Q - +0 pair of gloves of the Stag {Int+2}
Will    +++..                    (boots unavailable)
Stlth   +++                      D - amulet of magic regeneration
HPRegen 1.22/turn                I - ring of Starshine {AC+4 Int+4}
MPRegen 0.69/turn                e - ring "Byibyre" {rC+ Str+2 SInv Stlth-}

@: corroded, flying quickly and evasively, hasted, studying 2 skills, very quick
A: beak, talons 3, nimble flight
}: 3/15 runes: barnacled, slimy, gossamer
a: Renounce Religion


You were on level 4 of the Vaults.
You worshipped Vehumet.
Vehumet was exalted by your worship.
You visited 10 branches of the dungeon, and saw 44 of its levels.
You also visited: Ossuary, Bailey, Ice Cave and Wizlab.

You collected 6152 gold pieces.
You spent 1500 gold pieces at shops.

Inventory:

Hand Weapons
 H - the +12 rapier of Urgency {flame, rPois Will+++ Str-3 SInv}
   (You took it off a deep elf zephyrmancer on level 3 of the Elven Halls)

   Str:       It affects your strength (-3).
   rPois:     It protects you from poison.
   SInv:      It lets you see invisible.
   Will:      It greatly increases your willpower.
 Y - the +8 mithril axe "Arga" {speed, Will+}
   (You took it off a deep elf sorcerer on level 3 of the Elven Halls)

   Will:      It increases your willpower.
Missiles
 G - 6 throwing nets
Armour
 i - +0 pearl dragon scales
 m - a +2 cloak of poison resistance (worn)
 Q - the +0 pair of gloves of the Stag (worn) {Int+2}
   (You found it on level 8 of the Dungeon)

   Int:       It affects your intelligence (+2).
 T - a +4 troll leather armour (worn)
 V - a +1 hat (worn)
 W - the +2 shield of Resistance (worn) {rF++ rC++ Will++}
   (You found it on level 4 of the Shoals)

   rF:        It greatly protects you from fire.
   rC:        It greatly protects you from cold.
   Will:      It greatly increases your willpower.
Magical Staves
 a - a staff of air (weapon)
Jewellery
 d - a ring of positive energy
 e - the ring "Byibyre" (right hand) {rC+ Str+2 SInv Stlth-}
   (You found it on level 4 of the Shoals)

   [ring of protection from cold]

   Str:       It affects your strength (+2).
   rC:        It protects you from cold.
   SInv:      It lets you see invisible.
   Stlth:     It makes you less stealthy.
 D - an amulet of magic regeneration (around neck)
 E - the ring "Folutydd" {rElec rCorr Int+6 Dex-5 Slay+2}
   (You found it in an ice cave)

   [ring of intelligence]

   Int:       It affects your intelligence (+6).
   Dex:       It affects your dexterity (-5).
   Slay:      It affects your accuracy & damage with ranged weapons and melee
   (+2).
   rElec:     It insulates you from electricity.
   rCorr:     It protects you from acid and corrosion.
 I - the ring of Starshine (left hand) {AC+4 Int+4}
   (You took it off a deep elf annihilator on level 3 of the Elven Halls)

   [ring of protection]

   AC:        It affects your AC (+4).
   Int:       It affects your intelligence (+4).
 O - the amulet of Juinool {rF+ Regen+}
   (You found it on level 5 of the Pits of Slime)

   [amulet of regeneration]

   rF:        It protects you from fire.
   Regen:     It increases your rate of health regeneration.
 U - the ring of Music {rPois rF+ Str+2}
   (You found it on level 5 of the Pits of Slime)

   [ring of poison resistance]

   Str:       It affects your strength (+2).
   rF:        It protects you from fire.
   rPois:     It protects you from poison.
Wands
 j - a wand of paralysis (28)
 t - a wand of digging (15)
 J - a wand of iceblast (45)
 R - a wand of acid (15)
Scrolls
 h - 5 scrolls of vulnerability
 l - 6 scrolls of blinking
 o - 8 scrolls of enchant armour
 p - 11 scrolls of fog
 q - 15 scrolls of teleportation
 v - 9 scrolls of immolation
 L - 5 scrolls of magic mapping
 M - 6 scrolls of fear
 S - a scroll of silence
 Z - a scroll of summoning
Potions
 c - 5 potions of cancellation
 f - 21 potions of curing
 g - 7 potions of heal wounds
 n - 6 potions of invisibility
 s - 7 potions of magic
 u - 7 potions of mutation
 w - 5 potions of haste
 x - 7 potions of brilliance
 z - 12 potions of attraction
 A - 3 potions of resistance
 B - 5 potions of ambrosia
 C - 7 potions of might
 F - 7 potions of lignification
 K - a potion of berserk rage
Miscellaneous
 b - a condenser vane
 k - a phantom mirror
 r - a box of beasts
 N - a piece from Xom's chessboard (15/15)
 P - a phial of floods
 X - a tin of tremorstones (2/2)


   Skills:
 + Level 11.8 Fighting
 - Level 8.0 Staves
 + Level 6.1 Armour
 + Level 12.8 Dodging
 - Level 9.0 Stealth
 + Level 11.8 Shields
 - Level 17.0 Spellcasting
 - Level 24.0 Conjurations
 - Level 3.0 Translocations
 - Level 5.0 Ice Magic
 + Level 24.9 Air Magic
 - Level 9.0 Evocations


You had 3 spell levels left.
You knew the following spells:

 Your Spells              Type           Power      Damage    Failure   Level
a - Orb of Destruction    Conj           53%        9d13      1%          7
b - Spellforged Servitor  Conj/Summ      39%        N/A       7%          7
c - Swiftness             Air            100%       N/A       0%          3
d - Blink                 Tloc           86%        N/A       1%          2
e - Airstrike             Air            66%        2d(10-26) 0%          4
f - Chain Lightning       Conj/Air       65%        3d87      5%          9
g - Ozocubu's Armour      Ice            53%        N/A       1%          3
h - Maxwell's Capacitive  Air            66%        ∞         1%          8
i - Arcjolt               Conj/Air       65%        1d75      0%          5
j - Lightning Bolt        Conj/Air       65%        1d89      0%          5

Your spell library contained the following spells:

 Spells                   Type           Power      Damage    Failure   Level
 Polar Vortex             Ice            26%        N/A       100%        9
 Magic Dart               Conj           100%       1d8       0%          1
 Shock                    Conj/Air       100%       1d9       0%          1
 Static Discharge         Conj/Air       100%       2-7/arc   0%          2
 Mephitic Cloud           Conj/Pois/Air  100%       N/A       0%          3
 Apportation              Tloc           86%        N/A       1%          1
 Foxfire                  Conj/Fire      100%       2x1d9     1%          1
 Kiss of Death            Conj/Necr      100%       2d13      1%          1
 Cigotuvi's Dreadful Rot  Necr/Pois/Air  100%       N/A       1%          2
 Lesser Beckoning         Tloc           86%        N/A       1%          2
 Momentum Strike          Conj/Tloc      100%       3d10      1%          2
 Poisonous Vapours        Pois/Air       100%       N/A       1%          2
 Scorch                   Fire           50%        2d8       1%          2
 Dazzling Flash           Conj/Hex       100%       N/A       1%          3
 Frozen Ramparts          Ice            100%       1d16      1%          3
 Hailstorm                Conj/Ice       85%        3d17      1%          3
 Stone Arrow              Conj/Erth      100%       3d13      1%          3
 Vhi's Electric Charge    Tloc/Air       100%       N/A       1%          3
 Ensorcelled Hibernation  Hex/Ice        80%        N/A       2%          2
 Gell's Gravitas          Tloc           43%        N/A       3%          3
 Sting                    Tmut/Pois      100%       1d8       4%          1
 Summon Small Mammal      Summ           100%       N/A       4%          1
 Sublimation of Blood     Necr           25%        N/A       6%          2
 Wereblood                Tmut           25%        N/A       6%          2
 Portal Projectile        Hex/Tloc       68%        N/A       7%          3
 Call Canine Familiar     Summ           25%        N/A       13%         3
 Confusing Touch          Hex            25%        N/A       13%         3
 Summon Guardian Golem    Hex/Summ       25%        N/A       13%         3
 Tukima's Dance           Hex            25%        N/A       13%         3
 Iskenderun's Battlesphe  Conj           100%       2d15      0%          5
 Flame Wave               Conj/Fire      78%        2d17      1%          4
 Fulminant Prism          Conj/Hex       39%        3d17      1%          4
 Iskenderun's Mystic Bla  Conj/Tloc      82%        2d16      1%          4
 Summon Lightning Spire   Summ/Air       100%       N/A       1%          4
 Fireball                 Conj/Fire      39%        3d16      1%          5
 Freezing Cloud           Conj/Ice/Air   58%        6-21      1%          5
 Silence                  Hex/Air        50%        N/A       1%          5
 Conjure Ball Lightning   Conj/Air       65%        3x3d23    1%          6
 Iron Shot                Conj/Erth      39%        9d8       1%          6
 Starburst                Conj/Fire      39%        6d11      1%          6
 Olgreb's Toxic Radiance  Pois           25%        N/A       11%         4
 Manifold Assault         Tloc           43%        N/A       12%         4
 Passage of Golubria      Tloc           43%        N/A       12%         4
 Ice Form                 Ice/Tmut       40%        N/A       16%         4
 Summon Ice Beast         Ice/Summ       40%        N/A       16%         4
 Storm Form               Tmut/Air       50%        N/A       22%         7
 Yara's Violent Unravell  Hex/Tmut       12%        3d7       28%         5
 Animate Armour           Summ/Erth      50%        N/A       38%         4
 Animate Dead             Necr           25%        N/A       38%         4
 Cause Fear               Hex            12%        N/A       38%         4
 Dispel Undead            Necr           25%        3d12      38%         4
 Leda's Liquefaction      Hex/Erth       12%        N/A       38%         4
 Metabolic Englaciation   Hex/Ice        20%        N/A       38%         5
 Lehudib's Crystal Spear  Conj/Erth      39%        10d10     45%         8
 Ozocubu's Refrigeration  Ice            26%        4d13      71%         7
 Alistair's Intoxication  Tmut/Pois      16%        N/A       75%         5
 Blade Hands              Tmut           12%        N/A       75%         5
 Borgnjor's Vile Clutch   Necr/Erth      12%        N/A       75%         5
 Summon Mana Viper        Hex/Summ       25%        N/A       75%         5
 Eringya's Noxious Bog    Tmut/Pois      12%        N/A       82%         6
 Dispersal                Tloc           21%        N/A       88%         6
 Simulacrum               Ice/Necr       20%        N/A       93%         6
 Fire Storm               Conj/Fire      39%        8d10      99%         9
 Death Channel            Necr           12%        N/A       100%        6
 Statue Form              Tmut/Erth      16%        N/A       100%        6
 Summon Cactus Giant      Summ           12%        N/A       100%        6
 Dragon Form              Tmut           12%        N/A       100%        7
 Malign Gateway           Summ/Tloc      17%        N/A       100%        7
 Monstrous Menagerie      Summ           12%        N/A       100%        7
 Summon Hydra             Summ           12%        N/A       100%        7
 Borgnjor's Revivificati  Necr           12%        N/A       100%        8
 Necromutation            Tmut/Necr      12%        N/A       100%        8
 Death's Door             Necr           12%        N/A       100%        9
 Dragon's Call            Summ           12%        N/A       100%        9
 Shatter                  Erth           12%        3d13*     100%        9


Dungeon Overview and Level Annotations

Branches:
Dungeon (15/15)            Temple (1/1) D:5            Lair (5/5) D:11
 Shoals (4/4) Lair:3       Spider (4/4) Lair:3        Slime (5/5) Lair:4
    Orc (2/2) D:11            Elf (3/3) Orc:2        Vaults (4/5) D:13
  Crypt (0/3) Vaults:2     Depths (1/4) D:15        Ossuary (visited)
 Bailey (visited)           IceCv (visited)          WizLab (visited)

Altars:
Ashenzari
Cheibriados
Dithmenos
Elyvilon
Fedhas
Gozag
Hepliaklqana
Kikubaaqudgha
Makhleb
Nemelex Xobeh
Okawaru
Qazlal
Ru
Sif Muna
Trog
Uskayaw
Vehumet
Wu Jian
Xom
Yredelemnul
Zin
The Shining One
Jiyva

Shops:
D:1 *   D:6 :*!*!(   Orc:1 [   Orc:2 (?::(:*?[   Elf:1 ?[   Elf:3 (*
Vaults:2 (   Vaults:3 (

Annotations:
D:7 1 exclusion
D:13 exclusion: downstairs
Shoals:1 1 runed translucent door, Tagont's ghost, adept DsGl
Spider:3 3 runed translucent doors, Xof Pepn's ghost, adept MiBe
Slime:2 exclusion: downstairs
Elf:1 exclusion: door
Elf:2 3 runed translucent doors, exclusion: downstairs
Vaults:4 1 transporter, Bai Suzhen


Innate Abilities, Weirdness & Mutations

You have a beak for a mouth.
You have claws for feet.
Your magical nature lets you fly swiftly and evasively.


Message History

You kill the tentacled monstrosity!
Vehumet accepts your kill.
You feel your power returning.
The bolt of lightning hits the ancient lich!!!
The ancient lich resists.
The bolt of lightning hits you! You resist.
The bolt of lightning hits the tengu reaver!!!!
You kill the tengu reaver!
Vehumet accepts your kill.
You feel your power returning.
The bolt of lightning hits the great orb of eyes!!!!
You kill the great orb of eyes!
Vehumet accepts your kill.
You feel your power returning.
The bolt of lightning hits the ironbound thunderhulk!!!!
You kill the ironbound thunderhulk!
Vehumet accepts your kill.
You feel your power returning.
The bolt of lightning hits the white very ugly thing!!!!
You kill the white very ugly thing!
Vehumet accepts your kill.
The bolt of lightning hits the ettin!!!
The bolt of lightning hits the vault sentinel!!!
The ancient lich gestures at you while chanting.
The bolt of acid misses you.
The vault sentinel blows a loud note on a signal horn!
You have reached level 23!
You block the ancient lich's attack.
Things that are here:
a +2 dagger of venom; a +0 robe; a human corpse You feel much better.
The ancient lich points at you and mumbles some strange words.
The bolt of acid hits you!!!!
Ouch! That really hurt!
* * * LOW HITPOINT WARNING * * *
The acid corrodes you!
You feel much better.
The ancient lich gestures at you while chanting.
The crystal spear hits you!!!
Ouch! That really hurt!
You die...

################
##..............### ####
##..#####...####...## ...# #..##.
####### ###..# ...#
#.##.##........#8##.# ...#
#.#..##)###.##.#([#.# ...#
#.##.... ..##.':)#.#
...##########.##.##.##.##..#??#.#
...#........#.##@##.#..©##J####.#
...#........#..#)L#.##C.pgC#..8.#
...#...[....'.©#p..))d.##.u#©...#
...#........#..##).###.###d#..8.#
...#........#.##.#.# #..p9p####.#
...#........#.#..##....###c#$(#.#
...#........#.##....##. ...'.$#.#
...#....[...#.#..##.#..#.#.#!9#.#
...#........#.##.#....#....#8##.#


You could see an ancient lich (invisible) and an ironbound convoker.

Vanquished Creatures
  the Royal Jelly (Slime:5)
  Nikola (Vaults:1)
  Arachne (Spider:2)
  Mlioglotl (Shoals:2)
  Zenata (Vaults:4)
  A tentacled monstrosity (Vaults:4)
  2 walking earthen tomes (WizLab)
  Asterion (Spider:1)
  A deep elf master archer (Elf:3)
  17 acid blobs
  A kraken (Shoals:4)
  Ilsuiw (Shoals:3)
  12 rockslimes
  2 strange machines (WizLab)
  A tengu reaver (Vaults:4)
  11 azure jellies
  Donald (Shoals:3)
  Roxanne (Elf:2)
  9 deep elf sorcerers (Elf:3)
  2 emperor scorpions
  A frost giant (Depths:1)
  7 ghost moths
  Louise (Elf:2)
  3 orc warlords
  5 deep elf elementalists
  8 vault wardens
  11 ironbound preservers
  2 broodmothers (Spider:4)
  11 ironbound thunderhulks
  5 very ugly things
  A war gargoyle (Vaults:4)
  6 deep elf demonologists
  8 quicksilver oozes
  6 deep elf annihilators
  13 dire elephants
  A spark wasp (Spider:4)
  2 deep elf death magi (Elf:3)
  9 merfolk impalers
  2 fire dragons (Lair:5)
  6 entropy weavers
  6 merfolk javelineers
  7 yaktaur captains
  15 great orbs of eyes
  3 rakshasas (WizLab)
  3 peacekeepers
  The ghost of TheSexyCheese the Blocker, a journeyman GrFi of Gozag (Lair:3)
  4 vault guards
  4 hydras
  3 deep elf high priests (Elf:3)
  A death knight (D:14)
  16 centaur warriors
  7 ironbound frosthearts
  2 jorogumos (Spider:4)
  3 ogre magi
  4 catoblepae
  2 merfolk aquamancers
  6 boulder beetles
  3 radroaches (Spider:3)
  2 alligator snapping turtles
  5 merfolk avatars
  A satyr (shapeshifter) (Elf:1)
  3 tengu warriors
  15 two-headed ogres
  A death yak (Lair:3)
  A satyr (Shoals:3)
  Urug (Orc:2)
  3 orc high priests
  17 dancing weapons
  3 sun demons (Shoals:4)
  5 skysharks
  A shadow wraith (D:13)
  3 pharaoh ants
  24 deep elf knights
  4 sun moths
  Lodul (D:11)
  A glowing orange brain (Slime:3)
  6 skeletal warriors (D:14)
  13 sea snakes
  30 deep trolls
  6 orb spiders
  2 bog bodies (IceCv)
  A swamp dragon (Lair:5)
  9 deep elf archers
  9 wizards
  7 steelbarb worms
  A harpy (shapeshifter) (Spider:4)
  13 ironbound convokers
  14 lindwurms
  2 necromancers
  7 orc knights
  A phantasmal warrior (Vaults:4)
  43 harpies
  22 wolf spiders
  26 ugly things
  25 deep elf pyromancers
  24 deep elf zephyrmancers
  2 orc sorcerers
  11 manticores
  6 fauns
  6 shining eyes
  9 cyclopes
  14 elephants
  8 merfolk sirens
  5 moths of wrath
  2 black mambas
  Maurice (Orc:2)
  An ice statue (IceCv)
  9 vault sentinels
  13 water nymphs
  An eye of devastation (Slime:5)
  8 cane toads
  A centaur zombie (D:15)
  Joseph (D:10)
  9 demonic crawlers
  2 gargoyles
  8 torpor snails
  4 centaur skeletons (D:15)
  9 komodo dragons
  2 unseen horrors
  9 yaktaurs
  3 rime drakes
  A komodo dragon (shapeshifter) (D:15)
  A tengu conjurer (D:14)
  An efreet (D:14)
  2 ice devils (D:13)
  4 red devils (Elf:2)
  13 trolls
  4 wind drakes
  20 merfolk
  4 meliai
  4 polar bears
  12 snapping turtles
  9 hornets
  23 blink frogs
  27 tarantellas
  4 tyrant leeches (Lair:5)
  Sigmund (D:5)
  15 dream sheep
  75 slime creatures
  32 culicivoras
  A centaur simulacrum (D:15)
  2 air elementals (Elf:3)
  29 jumping spiders
  9 water elementals
  5 wyverns
  3 dire elephant simulacra (IceCv)
  8 fire elementals
  2 death yak simulacra (IceCv)
  29 yaks
  2 steam dragons
  6 golden eyes
  58 redbacks
  11 vampire mosquitoes
  8 basilisks
  3 wargs
  4 acid dragons
  2 hydra simulacra (IceCv)
  14 water moccasins
  A floating eye (Slime:5)
  3 swamp drakes (Lair:5)
  32 orc warriors
  2 black bears
  2 ice beasts
  A sky beast (D:7)
  30 ogres
  9 centaurs
  4 wolves (Lair:5)
  A phantom (D:6)
  A gnoll sergeant (D:10)
  5 kobold brigands
  9 bullfrogs
  A necrophage (D:6)
  4 two-headed ogre simulacra (IceCv)
  2 water moccasin zombies (Ossuary)
  2 earth elementals (Elf:3)
  6 scorpions
  2 cane toad simulacra (IceCv)
  13 wights
  15 killer bees
  2 elephant simulacra (IceCv)
  6 howler monkeys
  5 hounds
  2 jellies
  13 orc priests
  10 iguanas
  Natasha (thrice) (D:2)
  22 orc wizards
  5 hell rats (Lair:3)
  4 polar bear simulacra (IceCv)
  9 spriggan simulacra (IceCv)
  3 troll simulacra (IceCv)
  2 wolf simulacra (IceCv)
  3 mummies
  Robin (D:2)
  9 naga simulacra (IceCv)
  3 adders
  12 gnolls
  5 white imps (IceCv)
  6 ufetubi
  2 adder zombies (Ossuary)
  4 worms
  5 dart slugs
  A dart slug (shapeshifter) (D:14)
  83 orcs
  3 endoplasms
  4 giant cockroaches
  35 goblins
  23 hobgoblins
  4 jackals (D:2)
  33 kobolds
  8 quokkas
  10 ball pythons
  4 bats
  4 frilled lizards
  9 gnoll zombies (Ossuary)
  7 hobgoblin zombies (Ossuary)
  5 kobold zombies (Ossuary)
  3 orc zombies (Ossuary)
  7 rats
  A tentacle (Shoals:4)
1735 creatures vanquished.

Vanquished Creatures (collateral kills)
  Agnes (Elf:2)
  A ghost moth (Spider:4)
  A deep elf knight (Elf:2)
  An air elemental (Elf:2)
  10 ball lightnings
14 creatures vanquished.

Vanquished Creatures (others)
  A merfolk aquamancer (Shoals:4)
  A redback (Spider:3)
  142 ball lightnings
  19 fungi
  183 plants
  3 tentacles (Shoals:4)
349 creatures vanquished.

Grand Total: 2098 creatures vanquished

Notes
Turn   | Place    | Note
-------+----------+-------------------------------------------
     0 | D:1      | ragingrage the Tengu Air Elementalist began the quest for
                  | the Orb.
     0 | D:1      | Reached XP level 1. HP: 10/10 MP: 4/4
   109 | D:1      | Reached XP level 2. HP: 15/15 MP: 3/6
   159 | D:1      | Found Icwairer's General Store.
   309 | D:1      | Learned a level 2 spell: Static Discharge
   414 | D:1      | Found a faded altar of an unknown god.
   688 | D:1      | Reached XP level 3. HP: 19/19 MP: 1/7
   994 | D:2      | Noticed Natasha
  1010 | D:1      | Learned a level 3 spell: Swiftness
  1507 | D:3      | Found a shimmering altar of Xom.
  1507 | D:3      | Found a sacrificial altar of Ru.
  1795 | D:3      | Reached XP level 4. HP: 24/24 MP: 3/8
  1796 | D:3      | Reached skill level 5 in Air Magic
  2357 | D:2      | Killed Natasha
  2358 | D:2      | Gained mutation: Your magical nature lets you fly swiftly
                  | and evasively. [Tengu growth]
  2358 | D:2      | Reached XP level 5. HP: 21/28 MP: 3/9
  2459 | D:2      | Noticed Natasha
  2468 | D:2      | Killed Natasha
  2535 | D:3      | Learned a level 2 spell: Blink
  2895 | D:2      | Noticed Robin
  3045 | D:2      | Killed Robin
  3292 | D:2      | Noticed Natasha
  3299 | D:2      | Killed Natasha
  3455 | D:3      | Reached skill level 1 in Translocations
  3455 | D:3      | Reached XP level 6. HP: 8/32 MP: 1/10
  4824 | D:4      | Reached XP level 7. HP: 36/36 MP: 6/13
  4897 | D:4      | Found a glowing golden altar of the Shining One.
  5047 | D:5      | Entered Level 5 of the Dungeon
  5064 | D:5      | Learned a level 4 spell: Airstrike
  5500 | D:5      | Identified the +8 flail of Supply {drain, rN+}
  5612 | D:5      | Noticed Sigmund
  5704 | D:5      | Found a shadowy altar of Dithmenos.
  5798 | D:5      | Found a shimmering blue altar of Sif Muna.
  5915 | D:5      | Found a staircase to the Ecumenical Temple.
  5920 | Temple   | Entered the Ecumenical Temple
  6090 | Temple   | Became a worshipper of Vehumet
  6121 | D:5      | Killed Sigmund
  6122 | D:5      | Reached XP level 8. HP: 27/41 MP: 8/15
  6607 | D:6      | Found Hesippic's Distillery.
  6619 | D:6      | Bought a potion of heal wounds for 65 gold pieces
  6619 | D:6      | Bought a potion of haste for 130 gold pieces
  6619 | D:6      | Bought a potion of brilliance for 52 gold pieces
  6641 | D:6      | Found Zuhimat's Book Boutique.
  6671 | D:6      | Reached skill level 5 in Spellcasting
  6682 | D:6      | Found Dicucsim's Assorted Antiques.
  6702 | D:6      | Found Ecvonwal's Distillery.
  6762 | D:6      | Reached skill level 1 in Shields
  6918 | D:6      | Found a glowing silver altar of Zin.
  6926 | D:6      | Reached skill level 10 in Air Magic
  6926 | D:6      | Found Zin's Purification Station.
  6990 | D:6      | Found a sand-covered staircase.
  6996 | Ossuary  | Entered an ossuary
  7025 | Ossuary  | Reached * piety under Vehumet
  7025 | Ossuary  | Offered knowledge of Magic Dart by Vehumet.
  7075 | Ossuary  | Learned a level 1 spell: Magic Dart
  7385 | Ossuary  | Learned a level 3 spell: Ozocubu's Armour
  7404 | Ossuary  | Reached skill level 1 in Fighting
  7612 | D:6      | Found Lagues's Weapon Emporium.
  7840 | D:6      | Reached XP level 9. HP: 47/47 MP: 8/17
  8173 | D:7      | Reached skill level 1 in Ice Magic
  8250 | D:7      | Found a flagged portal.
  8275 | Bailey   | Entered a bailey
  8286 | Bailey   | Offered knowledge of Foxfire by Vehumet.
  8304 | Bailey   | Reached ** piety under Vehumet
  8467 | Bailey   | Noticed an orc warlord
  8588 | Bailey   | Offered knowledge of Kindle Blastsparks by Vehumet.
  8793 | Bailey   | Killed an orc warlord
  8794 | Bailey   | Reached skill level 5 in Stealth
  8794 | Bailey   | Reached XP level 10. HP: 56/56 MP: 14/20
  8862 | Bailey   | Reached *** piety under Vehumet
  8976 | D:7      | Acquired Sif Muna's Enchiridion on Poison and Guile
  8978 | D:7      | Acquired the +7 scimitar of the Howling One {elec, +Blink
                  | Will+ Dex+2}
  9037 | D:7      | Reached skill level 5 in Dodging
  9277 | D:7      | Offered knowledge of Iskenderun's Mystic Blast by Vehumet.
  9298 | D:7      | Learned a level 4 spell: Iskenderun's Mystic Blast
  9860 | D:8      | Identified the +0 pair of gloves of the Stag {Int+2}
 10063 | D:8      | Found an ancient bone altar of Kikubaaqudgha.
 10063 | D:8      | Found a sparkling altar of Nemelex Xobeh.
 10136 | D:8      | Noticed a two-headed ogre
 10152 | D:8      | Killed a two-headed ogre
 10161 | D:8      | Reached skill level 5 in Fighting
 10666 | D:8      | Reached skill level 5 in Ice Magic
 10724 | D:8      | Reached XP level 11. HP: 54/63 MP: 9/22
 10726 | D:8      | Reached **** piety under Vehumet
 11079 | D:9      | Offered knowledge of Iskenderun's Battlesphere by Vehumet.
 11260 | D:9      | Reached skill level 5 in Conjurations
 11281 | D:9      | Noticed a fire dragon
 11728 | D:1      | Bought a staff of air for 325 gold pieces
 11960 | D:9      | Reached skill level 1 in Armour
 12166 | D:9      | Noticed a centaur warrior
 12170 | D:9      | Killed a centaur warrior
 12207 | D:9      | Noticed a cyclops
 12212 | D:9      | Killed a cyclops
 12235 | D:9      | Noticed a centaur warrior
 12237 | D:9      | Killed a centaur warrior
 12272 | D:9      | Noticed a centaur warrior
 12279 | D:9      | Killed a centaur warrior
 12289 | D:9      | Noticed a deep elf pyromancer
 12292 | D:9      | Noticed a centaur warrior
 12295 | D:9      | Killed a centaur warrior
 12313 | D:9      | Noticed a deep elf pyromancer
 12318 | D:9      | Killed a deep elf pyromancer
 12344 | D:9      | Killed a deep elf pyromancer
 12541 | D:9      | Noticed a two-headed ogre
 12543 | D:9      | Killed a two-headed ogre
 12687 | D:9      | Reached XP level 12. HP: 62/68 MP: 16/25
 12823 | D:10     | Entered Level 10 of the Dungeon
 12836 | D:10     | Reached ***** piety under Vehumet
 12849 | D:10     | Offered knowledge of Sticky Flame by Vehumet.
 13108 | D:10     | Found a broken altar of Ashenzari.
 13392 | D:10     | Noticed Joseph
 13398 | D:10     | Killed Joseph
 13587 | D:10     | Found a snail-covered altar of Cheibriados.
 14057 | D:11     | Noticed Lodul
 14321 | D:11     | Noticed a two-headed ogre
 14326 | D:11     | Killed a two-headed ogre
 14585 | D:11     | Found a staircase to the Orcish Mines.
 14629 | D:11     | Killed Lodul
 14831 | D:11     | Identified the +5 scale mail of the Uplifting Gods {rF+}
 15411 | D:11     | Found a staircase to the Lair.
 15572 | D:12     | Noticed a two-headed ogre
 15576 | D:12     | Killed a two-headed ogre
 15577 | D:12     | Reached skill level 10 in Conjurations
 16133 | D:13     | Noticed a two-headed ogre
 16138 | D:13     | Noticed a boulder beetle
 16145 | D:13     | Noticed a two-headed ogre
 16153 | D:13     | Acquired the -1 buckler "Dymad" {+Blink Regen+ Int+3}
 16187 | D:13     | Noticed a centaur warrior
 16199 | D:13     | Learned a level 5 spell: Arcjolt
 16205 | D:13     | Learned a level 5 spell: Lightning Bolt
 16207 | D:13     | Noticed an ogre mage
 16222 | D:13     | Killed an ogre mage
 16223 | D:13     | Reached skill level 10 in Dodging
 16286 | D:13     | Noticed a tengu warrior
 16290 | D:13     | Noticed a tengu warrior
 16297 | D:12     | Killed a tengu warrior
 16298 | D:12     | Reached skill level 10 in Spellcasting
 16298 | D:12     | Reached XP level 13. HP: 51/72 MP: 13/28
 16478 | D:13     | Found a frozen archway.
 16502 | IceCv    | Entered an ice cave
 16798 | IceCv    | Identified the ring "Folutydd" {rElec rCorr Int+6 Dex-5
                  | Slay+2}
 17108 | IceCv    | Offered knowledge of Fireball by Vehumet.
 17328 | IceCv    | Reached skill level 15 in Air Magic
 18365 | D:13     | Found a gate to the Vaults.
 18366 | D:13     | Noticed a vault guard
 18407 | D:13     | Killed a vault guard
 18539 | Lair:1   | Entered Level 1 of the Lair of Beasts
 19204 | Lair:1   | Reached XP level 14. HP: 78/78 MP: 20/31
 19803 | Lair:2   | Learned a level 5 spell: Fireball
 20857 | Lair:3   | Acquired a book of Annihilations
 20965 | Lair:3   | Found a transporter.
 20967 | Lair:3   | Noticed TheSexyCheese's ghost (journeyman GrFi)
 21297 | Lair:3   | Offered knowledge of Freezing Cloud by Vehumet.
 21306 | Lair:3   | Learned a level 5 spell: Freezing Cloud
 21323 | Lair:3   | Found a hole to the Spider Nest.
 21511 | Lair:3   | Found a transporter.
 21517 | Lair:3   | Found a staircase to the Shoals.
 21859 | Lair:4   | Found a viscous altar of Jiyva.
 21860 | Lair:4   | Found a staircase to the Slime Pits.
 22674 | Lair:5   | Entered Level 5 of the Lair of Beasts
 22943 | Lair:5   | Reached skill level 15 in Conjurations
 23061 | Lair:5   | Reached XP level 15. HP: 86/86 MP: 22/32
 23144 | Lair:5   | Found a runed translucent door.
 23357 | Lair:5   | Reached ****** piety under Vehumet
 24270 | Lair:5   | Offered knowledge of Conjure Ball Lightning by Vehumet.
 24762 | Orc:1    | Entered Level 1 of the Orcish Mines
 24886 | Orc:2    | Entered Level 2 of the Orcish Mines
 24958 | Orc:2    | Found Wuczy's Magic Scroll Shop.
 25016 | Orc:2    | Bought a scroll of teleportation for 36 gold pieces
 25110 | Orc:2    | Found Wec Ujef's Book Emporium.
 25198 | Orc:2    | Found Atuo's Weapon Emporium.
 25201 | Orc:2    | Found a staircase to the Elven Halls.
 25203 | Orc:2    | Noticed Urug
 25208 | Orc:2    | Killed Urug
 25612 | Orc:2    | Learned a level 6 spell: Conjure Ball Lightning
 25695 | Orc:2    | Found Tasur's Book Boutique.
 25696 | Orc:2    | Found Roedag's Assorted Antiques.
 25702 | Orc:2    | Found Yrug's Magic Scroll Emporium.
 25719 | Orc:2    | Bought a tubular iron ring for 155 gold pieces
 25722 | Orc:2    | Found Cautiulu's Armour Boutique.
 25726 | Orc:2    | Bought a scroll of fear for 52 gold pieces
 25726 | Orc:2    | Bought a scroll of amnesia for 52 gold pieces
 25841 | Orc:2    | Found Lasovood's Book Emporium.
 25856 | Orc:2    | Noticed Maurice
 25860 | Orc:2    | Killed Maurice
 25860 | Orc:2    | Offered knowledge of Orb of Destruction by Vehumet.
 26108 | Orc:2    | Found Zihicul's Antique Weapon Boutique.
 26177 | Orc:2    | Learned a level 7 spell: Orb of Destruction
 26334 | Orc:1    | Found Xuam's Antique Armour Shop.
 26344 | Orc:1    | Bought a glowing ring mail for 217 gold pieces
 26344 | Orc:1    | Bought a shiny ring mail for 217 gold pieces
 26745 | D:14     | Reached skill level 1 in Evocations
 27065 | D:14     | Reached XP level 16. HP: 93/93 MP: 13/35
 27386 | D:14     | Found a stormy altar of Qazlal.
 27809 | D:15     | Entered Level 15 of the Dungeon
 28646 | D:15     | Found a staircase to the Depths.
 28844 | Shoals:1 | Entered Level 1 of the Shoals
 28978 | Shoals:1 | Found a runed translucent door.
 29318 | Shoals:1 | Offered knowledge of Lee's Rapid Deconstruction by Vehumet.
 29405 | Shoals:1 | Reached skill level 5 in Evocations
 29565 | Shoals:1 | Noticed Tagont's ghost (adept DsGl)
 30637 | Shoals:2 | Reached skill level 10 in Fighting
 30710 | Shoals:3 | Noticed Mlioglotl
 30897 | Shoals:2 | Killed Mlioglotl
 31218 | Shoals:3 | Noticed Ilsuiw
 31242 | Shoals:3 | Killed Ilsuiw
 31243 | Shoals:3 | Reached XP level 17. HP: 76/103 MP: 12/36
 32147 | Shoals:3 | Noticed Donald
 32152 | Shoals:3 | Killed Donald
 32524 | Shoals:4 | Entered Level 4 of the Shoals
 32542 | Shoals:4 | Offered knowledge of Spellforged Servitor by Vehumet.
 32553 | Shoals:4 | Learned a level 7 spell: Spellforged Servitor
 32752 | Shoals:4 | Identified the ring "Byibyre" {rC+ Str+2 SInv Stlth-}
 33066 | Shoals:4 | Got a barnacled rune of Zot
 33068 | Shoals:4 | Noticed a kraken
 33072 | Shoals:4 | Killed a kraken
 33193 | Shoals:4 | Got the Cyclopedia of Putrescence and Dislocation
 33570 | Shoals:4 | Found the +2 shield of Resistance {rF++ rC++ Will++}
 33913 | Shoals:4 | Reached XP level 18. HP: 95/110 MP: 30/37
 34126 | Spider:1 | Entered Level 1 of the Spider Nest
 34271 | Spider:1 | Offered knowledge of Lehudib's Crystal Spear by Vehumet.
 34271 | Spider:1 | Offered knowledge of Polar Vortex by Vehumet.
 34271 | Spider:1 | Offered knowledge of Maxwell's Capacitive Coupling by
                  | Vehumet.
 34404 | Lair:3   | Killed TheSexyCheese's ghost
 34470 | Lair:3   | Identified the +1 hat of Untold Secrets {-Cast +Inv rElec
                  | rPois}
 34714 | Spider:1 | Noticed Asterion
 34724 | Spider:1 | Killed Asterion
 35149 | Spider:1 | Identified the +1 robe of the Nexus {Dex+3}
 35151 | Spider:1 | Identified the -2 hat of Intercession {rC+ rN+}
 35156 | Spider:1 | Identified the -2 robe of Gravity {Drain rElec Dex+3
                  | Slay-4}
 35827 | Spider:2 | Reached skill level 1 in Staves
 35881 | Spider:2 | Noticed Arachne
 35891 | Spider:2 | Reached skill level 5 in Shields
 35922 | Spider:2 | Killed Arachne
 36439 | Spider:2 | You are sucked into a shaft and drop 1 floor!
 36445 | Spider:3 | Reached skill level 15 in Spellcasting
 37272 | Spider:3 | Found a runed translucent gate.
 37273 | Spider:3 | Found a runed translucent gate.
 37273 | Spider:3 | Found a runed translucent gate.
 37280 | Spider:3 | Noticed Xof Pepn's ghost (adept MiBe)
 37771 | Spider:4 | Entered Level 4 of the Spider Nest
 38193 | Spider:4 | Found the +7 sceptre of Torment {pain, torment}
 38395 | Spider:4 | Reached XP level 19. HP: 114/114 MP: 26/39
 39566 | Spider:4 | Got a gossamer rune of Zot
 39948 | Elf:1    | Entered Level 1 of the Elven Halls
 40358 | Elf:1    | Found Apnouczo's Antique Armour Shop.
 40747 | Elf:1    | Reached skill level 5 in Staves
 41001 | Elf:1    | Found Secwaymp's Magic Scroll Boutique.
 41009 | Elf:1    | Bought a scroll of teleportation for 57 gold pieces
 41009 | Elf:1    | Bought a scroll of blinking for 142 gold pieces
 41302 | Elf:2    | Noticed Louise
 41304 | Elf:2    | Killed Louise
 41305 | Elf:2    | Identified Roxanne's Directory of the Valley
 41305 | Elf:2    | Noticed Roxanne
 41689 | Elf:2    | Noticed Agnes
 41696 | Elf:2    | Killed Agnes
 42388 | Elf:2    | Found a runed translucent gate.
 42390 | Elf:2    | Found a runed translucent gate.
 42395 | Elf:2    | Found a runed translucent gate.
 42589 | Elf:3    | Entered Level 3 of the Elven Halls
 42665 | Elf:2    | Killed Roxanne
 42971 | Elf:3    | Reached XP level 20. HP: 120/120 MP: 16/40
 43417 | Elf:3    | Found Isyirchoh's Antique Weapon Boutique.
 43600 | Elf:3    | Identified the +7 sling of Fee Simple {flame, rF- rC+
                  | rCorr}
 43655 | Elf:3    | Found Kyoruym's Overcharged Wands.
 43658 | Elf:3    | Paralysed by an air elemental for 1 turns
 44200 | Elf:3    | Identified the +12 rapier of Urgency {flame, rPois Will+++
                  | Str-3 SInv}
 44365 | Elf:3    | Identified the ring of Leaves {rPois Str+3 Int+3}
 44666 | Elf:3    | Identified the +0 robe of the Jackalope {rElec rPois Str+4
                  | SInv}
 44705 | Elf:3    | Identified the +4 rapier "Imexzori" {holy, rElec rC+ rN+
                  | Stlth+}
 44710 | Elf:3    | Identified the ring of Starshine {AC+4 Int+4}
 45213 | Elf:3    | Found Kyoruym's Overcharged Wands.
 45409 | Elf:3    | Found Isyirchoh's Antique Weapon Boutique.
 45663 | Elf:3    | Identified the amulet "Jijyed" {RegenMP rElec rPois Dex-2}
 46158 | Elf:3    | Identified the +0 sling of Lecworr {antimagic, +Blink Str+3
                  | Int-5 SInv}
 46282 | Elf:3    | Got Vafe's Compendium of Power
 46335 | Elf:3    | Learned a level 8 spell: Maxwell's Capacitive Coupling
 46616 | Vaults:1 | Entered Level 1 of the Vaults
 46965 | Vaults:1 | Noticed Nikola
 46972 | Vaults:1 | Killed Nikola
 47817 | Vaults:1 | Reached XP level 21. HP: 109/124 MP: 14/42
 48884 | Vaults:2 | Reached skill level 10 in Shields
 48959 | Vaults:2 | Found Dyokeh's Antique Weapon Boutique.
 49047 | Vaults:2 | Found a staircase to the Crypt.
 49047 | Vaults:2 | Found an ancient bone altar of Kikubaaqudgha.
 49048 | Vaults:2 | Found a basalt altar of Yredelemnul.
 50375 | Vaults:3 | Found Ytaseerch's Weapon Shop.
 50829 | Vaults:3 | Learned a level 9 spell: Chain Lightning
 51299 | Vaults:4 | Noticed Zenata
 51310 | Vaults:4 | Killed Zenata
 51320 | Vaults:4 | Found a magical portal.
 51346 | WizLab   | Entered Tukima's Studio
 51637 | WizLab   | Got the Omnibus of Enchantment
 51642 | WizLab   | Noticed ragingrage's illusion
 51674 | WizLab   | Noticed ragingrage's illusion
 51687 | WizLab   | Got the Parchment of Snowy Angles
 52235 | Vaults:4 | Reached XP level 22. HP: 130/130 MP: 3/44
 52316 | Vaults:4 | Noticed Bai Suzhen
 52343 | Vaults:4 | Found a transporter.
 52343 | Vaults:4 | Noticed an ancient lich
 53794 | Slime:1  | Entered Level 1 of the Pits of Slime
 54008 | Slime:1  | Gained mutation: You do not regenerate when monsters are
                  | visible. [a shining eye]
 54009 | Slime:1  | Gained mutation: You are frail. (-10% HP) [a shining eye]
 54013 | Slime:1  | Lost mutation: You do not regenerate when monsters are
                  | visible. [potion of mutation]
 54013 | Slime:1  | Lost mutation: You are frail. (-10% HP) [potion of
                  | mutation]
 54013 | Slime:1  | Gained mutation: You occasionally lose the ability to read
                  | scrolls when taking damage. [potion of mutation]
 54013 | Slime:1  | Gained mutation: Your natural rate of healing is unusually
                  | fast. [potion of mutation]
 54014 | Slime:1  | Lost mutation: Your natural rate of healing is unusually
                  | fast. [potion of mutation]
 54014 | Slime:1  | Lost mutation: You occasionally lose the ability to read
                  | scrolls when taking damage. [potion of mutation]
 54014 | Slime:1  | Gained mutation: You are frail. (-10% HP) [potion of
                  | mutation]
 54015 | Slime:1  | Lost mutation: You are frail. (-10% HP) [potion of
                  | mutation]
 55756 | Slime:5  | Entered Level 5 of the Pits of Slime
 55808 | Slime:5  | Reached skill level 5 in Armour
 56067 | Slime:5  | Noticed the Royal Jelly
 56074 | Slime:5  | Killed the Royal Jelly
 56118 | Slime:5  | Identified the amulet of Juinool {rF+ Regen+}
 56121 | Slime:5  | Got a slimy rune of Zot
 56128 | Slime:5  | Identified the +11 bardiche "Bihufip" {antimagic, SInv}
 56156 | Slime:5  | Identified the ring of Music {rPois rF+ Str+2}
 56183 | Slime:5  | Got the Treatise on Massed Dislocation
 56189 | Slime:5  | Identified the +0 robe of Focus {rC- Str+3 Dex+5 Stlth+}
 56206 | Slime:5  | Identified the +7 whip of the Lachrymose God {heavy, rF+
                  | Dex+2}
 56519 | Depths:1 | Entered Level 1 of the Depths
 56828 | Vaults:4 | Found a transporter.
 56868 | Vaults:4 | Reached XP level 23. HP: 74/136 MP: 28/45
 56871 | Vaults:4 | Killed from afar by an ancient lich

Illustrated notes

Levels and vault maps discovered:
D:1:      saegor_arrival_simple_c, layout_rooms,
          hellmonk_ecumenical_altar_zigzags, serial_shops,
          nicolae_shop_window_shopping
D:2:      layout_basic, uniq_robin, uniq_natasha
D:3:      layout_rooms, chequers_temple_overflow_statue_of_worship
D:4:      minmay_octagon_keep, layout_basic, tso_oasis_becter,
          kennysheep_generic_room_7
D:5:      layout_gridville, nicolae_sif_muna_little_library,
          nicolae_dithmenos_the_darkroom, minmay_temple_entry_arrows,
          kennysheep_generic_room_8, uniq_sigmund
D:6:      layout_loops_corners, zin_purify, enter_ossuary_2, serial_shops, shop,
          shop_statue, nicolae_shop_bloodbath_and_beyond, nicolae_shop_stone,
          nicolae_shop_waterfront
D:7:      layout_loops_ring, enter_bailey_4
D:8:      layout_loops_corners, gammafunk_temple_overflow_pools
D:9:      layout_roguey, minmay_evil_grid
D:10:     layout_loops_ring, ashenzari_altar_1, slow_altar_2,
          kennysheep_generic_room_6, uniq_joseph
D:11:     layout_small_grid, david_lair_shrubbed, erik_orc_3, uniq_lodul
D:12:     layout_loops_ring
D:13:     layout_loops_ring, david_vaults_4, portal_ice_cave_demonic_guard
D:14:     cheibrodos_fzero, layout_irregular_city,
          nicolae_qazlal_general_emergency, patterned_corridor
D:15:     grunt_enter_depths_magical_seal, layout_rooms,
          minmay_misc_feat_hallway, chequers_serial_rivers_room_b,
          minmay_misc_feat_chi
Temple:   nicolae_temple_slightly_damp_pantheon
Lair:1:   layout_cave_pods, grunt_megastairs_1
Lair:2:   layout_regular_city
Lair:3:   layout_regular_city, nicolae_shoals_entry_roost,
          nicolae_spider_entry_non_spiders, gammafunk_ghost_berserking_beasts
Lair:4:   layout_regular_city, slime_entry_1, grunt_megastairs_2
Lair:5:   wormcave, layout_cave_pods, guppyfry_lair_end_dragon, st_stairs_9,
          grunt_megastairs_5
Shoals:1: layout_shoals, gammafunk_ghost_grave, nzn_prometheus_bound
Shoals:2: nzn_motion_control, layout_shoals
Shoals:3: layout_shoals, uniq_mlioglotl, uniq_ilsuiw, uniq_donald
Shoals:4: shoals_end_simple, layout_shoals, nicolae_shoals_sun_and_surf
Spider:1: layout_spider_delve, hellmonk_motheaten_closet, uniq_asterion
Spider:2: layout_chambers, uniq_arachne
Spider:3: layout_spider_delve, gammafunk_ghost_necromancy
Spider:4: grunt_spider_rune_parallel, hellmonk_deceptive_appearances
Slime:1:  layout_caves
Slime:2:  layout_caves
Slime:3:  layout_caves
Slime:4:  layout_caves
Slime:5
Orc:1:    layout_diamond_mine, serial_shops, shop
Orc:2:    st_orc_open, layout_diamond_mine, serial_shops,
          nicolae_shop_advertising_works [nicolae_subvault_shop_adworks],
          nicolae_shop_waterfront, shop_fountains, nicolae_shop_waterfront,
          nicolae_shop_overgrown_old_shop, uniq_urug, uniq_maurice
Elf:1:    eino_elf_arrival_customs, layout_geoelf_octagon, serial_shops, shop,
          evilmike_minifort, minmay_shop_star
Elf:2:    nicolae_elf_blades_splatter_lattice
          [nicolae_vaults_blade_armed_guards], layout_geoelf_grid,
          einodemon_armed_red_devil_minivault, uniq_roxanne, uniq_agnes,
          uniq_louise
Elf:3:    minmay_elf_hall_spiked, layout_gridlike, serial_shops, shop,
          nicolae_shop_overcharged_wands, grunt_megastairs_4
Vaults:1: nicolae_vaults_little_squares_4, vaults_room_door_ring,
          vaults_dpeg_hooks, vaults_room_boxed, nicolae_vaults_network_barrier,
          vaults_room_large_hall, nicolae_vaults_disjoint_gnomons,
          vaults_room_stairs_pillars, vaults_dpeg_emergency_exit,
          nicolae_vaults_network_star, vaults_mumra_minichess,
          nicolae_vaults_mini_display_case, ontoclasm_vaults_decontamination,
          vaults_dpeg_diagonal, layout_vaults_big_cross, uniq_nikola
Vaults:2: minmay_crypt_entry_necro_gods, ontoclasm_vaults_bender,
          vaults_room_door_hall, ontoclasm_vaults_idyll, layout_vaults_omnigrid,
          serial_shops, shop_coins
Vaults:3: vaults_mumra_hex, hangedman_vaults_restitches,
          ontoclasm_vaults_claustrophobia, v_misc_12, v_misc_4,
          ontoclasm_vaults_shuriken, layout_vaults_big_room, serial_shops, shop
Vaults:4: lightli_enter_wizlab_magi_temple, nicolae_vaults_network_periphery,
          nicolae_vaults_network_s, hangedman_vaults_impose,
          hangedman_vaults_trim, v_misc_30, vaults_mumra_minichess_inversion,
          nicolae_vaults_three_branches, gammafunk_the_bubble
          [the_bubble_gammafunk_crates], nicolae_vaults_rhombus_7,
          nicolae_vaults_rhombus_5, layout_vaults_omnibox, uniq_bai_suzhen,
          uniq_zenata
Depths:1: layout_twisted_cross, ebering_ghost_disaster_area,
          grunt_pan_entry_sceptre, grunt_mini_vestibule, drop_trap,
          minmay_guarded_unrand_mage

Skill      XL: |  1  2  3  4  5  6  7  8  9 10 11 12 13 14 15 16 17 18 19 20 21 22 |
---------------+-------------------------------------------------------------------+-----
Stealth        | 3 5 7 9 |  9.0
Conjurations   | 2 3 4 7 10 13 15 17 19 20 21 23 24 | 24.0
Air Magic      | 5 6 7 8 10 11 12 13 14 15 16 18 20 21 22 23 24 | 24.9
Translocations | 1 2 3 |  3.0
Spellcasting   | 3 4 5 6 8 10 12 14 15 16 17 | 17.0
Shields        | 2 3 6 7 9 11 | 11.8
Fighting       | 1 3 5 7 8 10 11 | 11.8
Dodging        | 4 6 7 10 11 12 | 12.8
Ice Magic      | 3 5 |  5.0
Armour         | 3 6 |  6.1
Evocations     | 2 5 6 7 9 |  9.0
Staves         | 3 6 8 |  8.0

Action                     |  1- 3 |  4- 6 |  7- 9 | 10-12 | 13-15 | 16-18 | 19-21 | 22-24 || total
---------------------------+-------+-------+-------+-------+-------+-------+-------+-------++-------
  Melee: Dagger            |    23 |     1 |     1 |       |       |       |       |       ||    25
         Kick              |     6 |     5 |     8 |    30 |    51 |    15 |    47 |     9 ||   171
         Peck              |     5 |     1 |     8 |    20 |    29 |     9 |    25 |     6 ||   103
         Morningstar       |       |     4 |       |       |       |       |       |       ||     4
         War axe           |       |     4 |       |       |       |       |       |       ||     4
         Flail             |       |       |    33 |       |       |       |       |       ||    33
         Short sword       |       |       |     5 |       |       |       |       |       ||     5
         Scimitar          |       |       |       |    99 |    55 |     1 |       |       ||   155
         Staff             |       |       |       |     6 |    35 |    31 |   106 |    14 ||   192
  Throw: Dart              |       |       |       |       |       |     1 |       |       ||     1
   Cast: Shock             |    80 |   137 |   249 |    34 |       |       |       |       ||   500
         Static Discharge  |       |     4 |     8 |    31 |       |       |       |       ||    43
         Airstrike         |       |       |    33 |   268 |   573 |   724 |   812 |   160 ||  2570
         Ozocubu's Armour  |       |       |       |     6 |     2 |     4 |     6 |       ||    18
         Iskenderun's Myst |       |       |       |     1 |     2 |       |       |       ||     3
         Arcjolt           |       |       |       |     3 |   121 |   136 |   120 |    39 ||   419
         Lightning Bolt    |       |       |       |     1 |     8 |     2 |    30 |    11 ||    52
         Conjure Ball Ligh |       |       |       |       |     6 |    33 |    23 |       ||    62
         Blink             |       |       |       |       |       |     2 |       |     1 ||     3
         Orb of Destructio |       |       |       |       |       |     3 |     7 |       ||    10
         Maxwell's Capacit |       |       |       |       |       |       |    10 |     1 ||    11
         Chain Lightning   |       |       |       |       |       |       |    12 |    45 ||    57
         Spellforged Servi |       |       |       |       |       |       |       |     1 ||     1
  Evoke: Wand              |       |       |       |     1 |       |     2 |     1 |       ||     4
         Tin of tremorston |       |       |       |       |       |     4 |     2 |       ||     6
         Phial of floods   |       |       |       |       |       |     2 |     2 |       ||     4
         Box of beasts     |       |       |       |       |       |     1 |     3 |       ||     4
         Phantom mirror    |       |       |       |       |       |       |     2 |       ||     2
         Condenser vane    |       |       |       |       |       |       |     1 |       ||     1
    Use: Scroll            |       |       |     9 |    17 |    14 |     5 |     1 |       ||    46
         Potion            |       |       |       |       |       |       |     1 |     8 ||     9
   Stab: Sleeping          |     2 |       |     2 |       |       |       |       |     2 ||     6
 Armour: Robe              |     6 |     6 |    14 |       |       |       |       |       ||    26
         Leather armour    |       |       |       |    19 |       |       |       |       ||    19
         Troll leather arm |       |       |       |    38 |    52 |   104 |   122 |    16 ||   332
         Scale mail        |       |       |       |       |     3 |       |       |       ||     3
  Dodge: Dodged            |    28 |    14 |    77 |   128 |   257 |   294 |   253 |    26 ||  1077
  Block: Buckler           |       |       |    17 |    61 |    48 |    41 |       |       ||   167
         Tower shield      |       |       |       |       |     5 |       |       |       ||     5
         Kite shield       |       |       |       |       |       |    95 |   264 |    38 ||   397

Table legend: (Time is in decaauts)
 A = Elapsed time spent in this place.
 B = Non-inter-level travel time spent in this place.
 C = Inter-level travel time spent in this place.
 D = Time resting spent in this place.
 E = Time spent auto-exploring this place.
 F = Levels seen in this place.
 G = Mean time per level.
                   A        B        C        D        E       F      G
               +--------+--------+--------+--------+--------+-----+--------+
         Total |  53882 |  49500 |   4382 |  11610 |  27802 |  48 | 1122.5 |
       Dungeon |  17967 |  15971 |   1996 |   3495 |   9202 |  15 | 1197.8 |
        Temple |    172 |    153 |     19 |      0 |    139 |   1 |  172.0 |
          Lair |   6757 |   5803 |    954 |    722 |   4165 |   5 | 1351.4 |
        Shoals |   4950 |   4776 |    174 |   1074 |   2874 |   4 | 1237.5 |
   Spider Nest |   5209 |   5034 |    175 |   1646 |   2368 |   4 | 1302.2 |
    Slime Pits |   2200 |   2045 |    155 |    675 |    971 |   5 |  440.0 |
  Orcish Mines |   1636 |   1446 |    190 |    301 |    785 |   2 |  818.0 |
   Elven Halls |   6216 |   5841 |    375 |   1735 |   3083 |   3 | 2072.0 |
        Vaults |   6119 |   5781 |    338 |   1133 |   3438 |   4 | 1529.8 |
        Depths |     13 |     13 |      0 |      7 |      0 |   1 |   13.0 |
       Ossuary |    466 |    466 |      0 |    195 |    161 |   1 |  466.0 |
        Bailey |    622 |    622 |      0 |     67 |     97 |   1 |  622.0 |
      Ice Cave |   1169 |   1169 |      0 |    456 |    437 |   1 | 1169.0 |
        Wizlab |    379 |    379 |      0 |    101 |     76 |   1 |  379.0 |
               +--------+--------+--------+--------+--------+-----+--------+

Top non-repeatable levels by time:
   Elf:3: 2997 daAuts
Vaults:1: 1842 daAuts
   Elf:2: 1818 daAuts
Spider:4: 1796 daAuts
  Lair:5: 1781 daAuts
Vaults:4: 1749 daAuts
    D:13: 1475 daAuts
Shoals:2: 1435 daAuts
Vaults:2: 1426 daAuts
  Lair:4: 1421 daAuts
     D:2: 1417 daAuts
   Elf:1: 1400 daAuts
Shoals:4: 1398 daAuts
    D:11: 1372 daAuts
     D:3: 1367 daAuts
